Little Stars vs Saguenéens (R1)

Created - 17 octobre 2014 at 19:16

Goals
1 2 3 T
Little Stars 2 2 1 5
Saguenéens 1 1 1 3
Shots
1 2 3 T
Little Stars 13 12 9 34
Saguenéens 17 16 8 41

1st period

1. Saguenéens , Joffrey Lupul 5 (Jordan Nolan, Kevin Marshall) at 0:14
2. Little Stars , Jesse Joensuu 5 (Marcus Kruger, Matt Halischuk) at 9:18
3. Little Stars , Jimmy Hayes 4 (Raphael Diaz, Chris Dingman) at 12:00 (SH)

Penalties :
Brandon Burlon (Chi) for Hooking (Minor) at 0:28, Matt Pelech (Tex) for Hooking (Minor) at 10:23, Brandon Burlon (Chi) for Roughing (Minor) at 12:53, Chris Dingman (Tex) for Hooking (Minor) at 15:48

2nd period

4. Little Stars , Chris Dingman 7 (Éric Belanger, Clay Wilson) at 2:40
5. Saguenéens , David Moss 3 (Evgeny Dadonov, Marcus Johansson) at 15:59
6. Little Stars , Ryan Vesce 8 (Éric Belanger, Chris Dingman) at 17:06 (PP)

Penalties :
Bryan Bickell (Chi) for Hooking (Minor) at 4:47, Cody Bass (Tex) for Holding (Minor) at 10:50, Jordan Nolan (Chi) for Slashing (Minor) at 12:41, Bryan Bickell (Chi) for Hooking (Minor) at 16:55

3rd period

7. Saguenéens , Brian Flynn 5 (Zach Bogosian) at 2:04
8. Little Stars , Éric Belanger 14 (Chris Dingman, Clay Wilson) at 5:15

Penalties :
Joffrey Lupul (Chi) for Holding (Minor) at 8:14, Landon Ferraro (Tex) for Hooking (Minor) at 12:34, Jimmy Hayes (Tex) for Hooking (Minor) at 16:14

Goalie Stats

Erik Ersberg (Tex), 38 saves from 41 shots - (0,927), W, 7-1-0, 60:00 minutes
James Reimer (Chi), 29 saves from 34 shots - (0,853), L, 2-4-1, 60:00 minutes

Players Stats for Little Stars

Player Name              G  A  P  +/- PIM S  H  SB GA TA FO     MP     PP MP  PK MP  
------------------------------------------------------------------------------------
Alexander Vasyunov       0  0  0   0  0   0  0  0  0  0  0/1     6:33   0:00   1:44 
Cameron Schilling        0  0  0  -1  0   0  0  1  0  1  0/0    20:31   3:48   3:29 
Carl Hagelin             0  0  0  -1  0   0  0  1  0  0  0/0     9:39   0:00   0:00 
Chris Dingman            1  3  4   1  2   3  2  0  2  1  2/2    22:18   5:13   4:33 
Clay Wilson              0  2  2   2  0   3  5  0  0  0  0/0    28:46   6:10   6:18 
Cody Bass                0  0  0  -1  2   0  2  0  0  0  3/8     9:56   0:10   0:00 
Danny DeKeiser           0  0  0   0  0   0  0  0  0  0  0/0     1:31   0:00   0:00 
Éric Belanger            1  2  3   0  0   4  2  1  1  0  24/43  26:12   5:13   5:29 
Jesse Joensuu            1  0  1   1  0   2  2  1  0  0  0/1    17:46   4:45   0:00 
Jimmy Hayes              1  0  1   0  2   5  0  1  0  0  1/1    12:33   0:00   1:55 
Landon Ferraro           0  0  0  -1  2   0  0  0  0  0  0/1     5:46   0:00   0:41 
Marcus Kruger            0  1  1   1  0   5  1  1  1  0  10/12  17:45   4:45   0:00 
Mathieu Roy              0  0  0   2  0   1  1  0  0  1  0/0    30:17   6:10   6:18 
Matt Halischuk           0  1  1   1  0   4  3  0  2  1  0/0    20:47   4:45   2:36 
Matt Pelech              0  0  0   0  2   0  0  1  0  0  0/0     9:26   0:00   0:00 
Raphael Diaz             0  1  1  -1  0   3  1  0  0  0  0/0    20:31   3:48   3:29 
Robert Czarnik           0  0  0   0  0   0  0  0  0  0  0/0     0:00   0:00   0:00 
Ryan Ellis               0  0  0   0  0   0  0  0  1  0  0/0     9:12   0:00   0:00 
Ryan Vesce               1  0  1   1  0   4  1  1  0  0  2/5    20:31   5:03   2:36 

Players Stats for Saguenéens

Player Name              G  A  P  +/- PIM S  H  SB GA TA FO     MP     PP MP  PK MP  
------------------------------------------------------------------------------------
Brandon Burlon           0  0  0   0  4   0  0  2  0  0  0/0    12:18   0:00   0:00 
Brian Flynn              1  0  1   1  0   3  1  0  0  0  4/6     8:28   0:00   0:09 
Bryan Bickell            0  0  0  -1  4   0  2  0  0  0  0/1    13:08   0:00   0:07 
David Laliberté          0  0  0  -1  0   1  1  0  0  0  0/1    12:27   0:00   5:09 
David Moss               1  0  1   1  0   4  3  0  0  1  0/0    20:02   4:26   4:16 
Derek Morris             0  0  0   0  0   3  1  0  0  1  0/0    25:07   4:52   5:16 
Eric Tangradi            0  0  0  -1  0   0  1  1  0  1  0/0     8:03   0:17   0:17 
Evgeny Dadonov           0  1  1   0  0   9  2  0  1  0  1/3    15:34   5:04   0:00 
Ian Cole                 0  0  0  -1  0   2  1  2  0  0  0/0    13:17   4:55   0:00 
Joffrey Lupul            1  0  1  -1  2   6  2  0  1  0  1/1    19:41   4:26   1:19 
Jordan Nolan             0  1  1  -2  2   6  3  1  0  1  17/36  22:34   5:20   3:26 
Kevin Marshall           0  1  1   0  0   1  2  1  0  0  0/0    20:16   0:00   4:42 
Kris Russell             0  0  0   0  0   1  2  1  0  0  0/0    22:17   4:52   5:16 
Kyle Brodziak            0  0  0  -2  0   1  2  0  0  3  4/12   18:03   5:21   5:09 
Marcus Johansson         0  1  1   1  0   2  2  1  0  0  5/13   15:14   4:26   0:04 
Rhett Rakhshani          0  0  0   1  0   2  1  0  0  0  0/1     8:11   0:00   0:00 
Tyler McNeely            0  0  0   1  0   0  2  0  0  0  0/0     8:11   0:00   0:00 
Zach Bogosian            0  1  1  -1  0   0  3  1  2  0  0/0    26:57   4:55   4:42 

3 Stars

1 - Chris Dingman (Tex)
2 - Éric Belanger (Tex)
3 - Clay Wilson (Tex)

Power Play

Little Stars - 1 on 6 Attempt(s) - 16,67%
Saguenéens - 0 on 5 Attempt(s) - 0,00%

Penalty Kill

Little Stars - 5 on 5 Attempt(s) - 100,00% - Score 1 goal in Penalty Kill
Saguenéens - 5 on 6 Attempt(s) - 83,33% - Score 0 goal in Penalty Kill

Official

Referees : Kimmerly Greg and Pollock Kevin
Linesman : Lyle Seitz and Lonnie Cameron

Game Notes

No Game Note

Finance

Level 1 -- Attendance: 1339 (66,95%) -- Ticket Income 53 560 $
Level 2 -- Attendance: 711 (71,10%) -- Ticket Income 14 220 $
Total Attendance: 2050 (68,33%)
Total Ticket Income: 67 780 $
Other Income: 3 389 $
Total Income: 71 169 $

Little Stars

5 vs 5 Forward 
   Center                   Left Wing                Right Wing               Time % Phy DF OF 
 1 Éric Belanger            Chris Dingman            Ryan Vesce               40     1   2  2  
 2 Marcus Kruger            Jesse Joensuu            Matt Halischuk           30     1   2  2  
 3 Cody Bass                Carl Hagelin             Jimmy Hayes              20     1   2  2  
 4 Landon Ferraro           Alexander Vasyunov       Éric Belanger            10     1   2  2  

5 vs 5 Defense 
   Defense                  Defense                                           Time % Phy DF OF 
 1 Mathieu Roy              Clay Wilson                                       40     1   2  2  
 2 Raphael Diaz             Cameron Schilling                                 30     1   2  2  
 3 Ryan Ellis               Matt Pelech                                       20     1   2  2  
 4 Danny DeKeiser           Mathieu Roy                                       10     1   2  2  

PowerPlay Forward 
   Center                   Left Wing                Right Wing               Time % Phy DF OF 
 1 Éric Belanger            Chris Dingman            Ryan Vesce               60     1   2  2  
 2 Marcus Kruger            Jesse Joensuu            Matt Halischuk           40     1   2  2  

PowerPlay Defense
   Defense                  Defense                                           Time % Phy DF OF 
 1 Mathieu Roy              Clay Wilson                                       60     1   2  2  
 2 Raphael Diaz             Cameron Schilling                                 40     1   2  2  

Penalty Kill 4 Players Forward 
   Center                   Wing                     Time % Phy DF OF 
 1 Éric Belanger            Chris Dingman            60     1   2  2  
 2 Ryan Vesce               Matt Halischuk           40     1   2  2  

Penalty Kill 4 Players Defense
   Defense                  Defense                  Time % Phy DF OF 
 1 Mathieu Roy              Clay Wilson              60     1   2  2  
 2 Raphael Diaz             Cameron Schilling        40     1   2  2  

Penalty Kill - 3 Players Forward 
   Forward                                           Time % Phy DF OF 
 1 Éric Belanger                                     60     1   2  2  
 2 Chris Dingman                                     40     1   2  2  

Penalty Kill - 3 Players Defense
   Defense                  Defense                  Time % Phy DF OF 
 1 Mathieu Roy              Clay Wilson              60     1   2  2  
 2 Raphael Diaz             Cameron Schilling        40     1   2  2  

4 vs 4 Forward 
   Center                   Wing                     Time % Phy DF OF 
 1 Éric Belanger            Chris Dingman            60     1   2  2  
 2 Ryan Vesce               Matt Halischuk           40     1   2  2  

4 vs 4 Defense
   Defense                  Defense                  Time % Phy DF OF 
 1 Mathieu Roy              Clay Wilson              60     1   2  2  
 2 Raphael Diaz             Cameron Schilling        40     1   2  2  

Last Minutes Offensive
   Center                   Left Wing                Right Wing               Defense                  Defense                  
   Éric Belanger            Chris Dingman            Ryan Vesce               Mathieu Roy              Clay Wilson              

Last Minutes Defensive
   Center                   Left Wing                Right Wing               Defense                  Defense                  
   Éric Belanger            Chris Dingman            Ryan Vesce               Mathieu Roy              Clay Wilson              

Goaltenders
Starting : Erik Ersberg             
Backup : Ben Scrivens             

Extra Forwards
Normal : Cody Bass, Carl Hagelin, Jimmy Hayes - PP : Cody Bass, Carl Hagelin - PK : Jimmy Hayes
Extra Defensemen
Normal : Ryan Ellis, Matt Pelech, Danny DeKeiser - PP : Ryan Ellis - PK : Matt Pelech, Danny DeKeiser
Penalty Shots
Éric Belanger, Chris Dingman, Ryan Vesce, Matt Halischuk, Marcus Kruger

Saguenéens

5 vs 5 Forward 
   Center                   Left Wing                Right Wing               Time % Phy DF OF 
 1 Jordan Nolan             Joffrey Lupul            Bryan Bickell            40     2   1  2  
 2 Marcus Johansson         Evgeny Dadonov           David Moss               30     1   2  2  
 3 Kyle Brodziak            Eric Tangradi            David Laliberté          20     1   2  2  
 4 Brian Flynn              Tyler McNeely            Rhett Rakhshani          10     1   2  2  

5 vs 5 Defense 
   Defense                  Defense                                           Time % Phy DF OF 
 1 Zach Bogosian            Kevin Marshall                                    37     1   2  2  
 2 Derek Morris             Brandon Burlon                                    33     1   2  2  
 3 Ian Cole                 Kris Russell                                      20     1   2  2  
 4 Zach Bogosian            Kris Russell                                      10     0   2  3  

PowerPlay Forward 
   Center                   Left Wing                Right Wing               Time % Phy DF OF 
 1 Jordan Nolan             Evgeny Dadonov           Kyle Brodziak            55     1   1  3  
 2 Marcus Johansson         Joffrey Lupul            David Moss               45     1   1  3  

PowerPlay Defense
   Defense                  Defense                                           Time % Phy DF OF 
 1 Zach Bogosian            Ian Cole                                          50     0   2  3  
 2 Derek Morris             Kris Russell                                      50     0   2  3  

Penalty Kill 4 Players Forward 
   Center                   Wing                     Time % Phy DF OF 
 1 Kyle Brodziak            David Laliberté          50     1   3  1  
 2 Jordan Nolan             David Moss               50     2   2  1  

Penalty Kill 4 Players Defense
   Defense                  Defense                  Time % Phy DF OF 
 1 Zach Bogosian            Kevin Marshall           50     1   3  1  
 2 Derek Morris             Kris Russell             50     1   3  1  

Penalty Kill - 3 Players Forward 
   Forward                                           Time % Phy DF OF 
 1 Kyle Brodziak                                     50     1   3  1  
 2 David Moss                                        50     1   3  1  

Penalty Kill - 3 Players Defense
   Defense                  Defense                  Time % Phy DF OF 
 1 Zach Bogosian            Kevin Marshall           50     1   3  1  
 2 Derek Morris             Kris Russell             50     1   3  1  

4 vs 4 Forward 
   Center                   Wing                     Time % Phy DF OF 
 1 Marcus Johansson         Evgeny Dadonov           50     1   1  3  
 2 Jordan Nolan             Joffrey Lupul            50     2   1  2  

4 vs 4 Defense
   Defense                  Defense                  Time % Phy DF OF 
 1 Zach Bogosian            Kevin Marshall           50     1   2  2  
 2 Derek Morris             Ian Cole                 50     1   2  2  

Last Minutes Offensive
   Center                   Left Wing                Right Wing               Defense                  Defense                  
   Kyle Brodziak            Evgeny Dadonov           Joffrey Lupul            Zach Bogosian            Derek Morris             

Last Minutes Defensive
   Center                   Left Wing                Right Wing               Defense                  Defense                  
   Jordan Nolan             Evgeny Dadonov           David Moss               Zach Bogosian            Derek Morris             

Goaltenders
Starting : James Reimer             
Backup : Harru Sateri             

Extra Forwards
Normal : Kyle Brodziak, Brian Flynn, Evgeny Dadonov - PP : Eric Tangradi, Bryan Bickell - PK : Joffrey Lupul
Extra Defensemen
Normal : Kris Russell, Ian Cole, Zach Bogosian - PP : Brandon Burlon - PK : Brandon Burlon, Ian Cole
Penalty Shots
Evgeny Dadonov, David Moss, Joffrey Lupul, Kyle Brodziak, Jordan Nolan

% Time on Ice - Little Stars

Lines # - Real PCT - Wanted PCT - Time Play
Normal Forward
1 - 34% - 40% - 13:33
2 - 33% - 30% - 13:24
3 - 24% - 20% - 9:30
4 - 9% - 10% - 3:40
Normal Defense
1 - 40% - 40% - 16:10
2 - 33% - 30% - 13:14
3 - 23% - 20% - 9:12
4 - 4% - 10% - 1:31
PP Forward
1 - 52% - 60% - 5:13
2 - 48% - 40% - 4:45
PP Defense
1 - 62% - 60% - 6:10
2 - 38% - 40% - 3:48
PK Forward
1 - 73% - 60% - 7:11
2 - 27% - 40% - 2:36
PK Defense
1 - 64% - 60% - 6:18
2 - 36% - 40% - 3:29
PK3 Forward
1 - 0% - 60%
2 - 0% - 40%
PK3 Defense
1 - 0% - 60%
2 - 0% - 40%
44 Forward
1 - 100% - 60% - 0:08
2 - 0% - 40% - 0:00
44 Defense
1 - 100% - 60% - 0:08
2 - 0% - 40% - 0:00
Last Minute Offensive  - 0:00
Last Minute Defensive  - 0:00
Total
Forward - 60:00
Defense - 60:00

% Time on Ice - Saguenéens

Lines # - Real PCT - Wanted PCT - Time Play
Normal Forward
1 - 32% - 40% - 12:53
2 - 29% - 30% - 11:45
3 - 18% - 20% - 7:18
4 - 20% - 10% - 8:11
Normal Defense
1 - 40% - 37% - 15:52
2 - 37% - 33% - 14:59
3 - 20% - 20% - 7:56
4 - 3% - 10% - 1:20
PP Forward
1 - 55% - 55% - 5:21
2 - 45% - 45% - 4:26
PP Defense
1 - 50% - 50% - 4:55
2 - 50% - 50% - 4:52
PK Forward
1 - 52% - 50% - 5:09
2 - 48% - 50% - 4:49
PK Defense
1 - 47% - 50% - 4:42
2 - 53% - 50% - 5:16
PK3 Forward
1 - 0% - 50%
2 - 0% - 50%
PK3 Defense
1 - 0% - 50%
2 - 0% - 50%
44 Forward
1 - 0% - 50% - 0:00
2 - 100% - 50% - 0:08
44 Defense
1 - 100% - 50% - 0:08
2 - 0% - 50% - 0:00
Last Minute Offensive  - 0:00
Last Minute Defensive  - 0:00
Total
Forward - 60:00
Defense - 60:00

Play by Play

1st period


0:01 of 1st period - Éric Belanger wins face-off versus Jordan Nolan in neutral zone.
0:06 of 1st period - Snap shot by Ryan Vesce.
0:06 of 1st period - Shot Misses the Net.
0:14 of 1st period - Wrist shot by Joffrey Lupul.
0:14 of 1st period - Goal by Joffrey Lupul - Little Stars : 0 - Saguenéens : 1.
0:15 of 1st period - Marcus Kruger wins face-off versus Marcus Johansson in neutral zone.
0:26 of 1st period - Slapshot by Matt Halischuk.
0:26 of 1st period - Shot Misses the Net.
0:28 of 1st period - Minor Penalty to Brandon Burlon for Hooking.
0:29 of 1st period - Éric Belanger wins face-off versus Kyle Brodziak in Saguenéens zone.
0:36 of 1st period - Slapshot by Ryan Vesce.
0:36 of 1st period - Stopped by James Reimer without a rebound.
0:37 of 1st period - Éric Belanger wins face-off versus Kyle Brodziak in Saguenéens zone.
1:10 of 1st period - Slapshot by Marcus Kruger.
1:10 of 1st period - Stopped by James Reimer with a rebound.
2:28 of 1st period - Penalty to Brandon Burlon is over, Brandon Burlon is back on ice.
2:29 of 1st period - Cameron Schilling is hit by Bryan Bickell.
3:13 of 1st period - Éric Belanger is hit by David Moss and loses puck.
4:24 of 1st period - Ryan Vesce is hit by Kris Russell and loses puck.
5:06 of 1st period - Chris Dingman is hit by Tyler McNeely.
5:24 of 1st period - Icing by David Laliberté.
5:25 of 1st period - Marcus Johansson wins face-off versus Marcus Kruger in Saguenéens zone.
5:42 of 1st period - Éric Belanger is hit by Eric Tangradi and loses puck.
6:12 of 1st period - Matt Pelech is hit by Rhett Rakhshani and loses puck.
6:42 of 1st period - Icing by Matt Pelech.
6:43 of 1st period - Kyle Brodziak wins face-off versus Landon Ferraro in Little Stars zone.
7:08 of 1st period - Éric Belanger is hit by David Moss.
7:11 of 1st period - Off-side.
7:12 of 1st period - Marcus Kruger wins face-off versus Evgeny Dadonov in neutral zone.
7:17 of 1st period - Slapshot by Jesse Joensuu.
7:17 of 1st period - Shot Misses the Net.
7:38 of 1st period - Jordan Nolan is hit by Clay Wilson and loses puck.
7:45 of 1st period - Snap shot by Jimmy Hayes.
7:45 of 1st period - Stopped by James Reimer with a rebound.
7:47 of 1st period - Snap shot by Jimmy Hayes.
7:47 of 1st period - Stopped by James Reimer without a rebound.
7:48 of 1st period - Kyle Brodziak wins face-off versus Éric Belanger in Saguenéens zone.
8:02 of 1st period - Backhand shot by Kyle Brodziak.
8:02 of 1st period - Shot Blocked by Éric Belanger.
8:14 of 1st period - Éric Belanger is hit by Zach Bogosian and loses puck.
8:23 of 1st period - Snap shot by David Moss.
8:23 of 1st period - Stopped by Erik Ersberg with a rebound.
8:25 of 1st period - Slapshot by David Moss.
8:25 of 1st period - Deflect By Evgeny Dadonov.
8:25 of 1st period - Stopped by Erik Ersberg with a rebound.
8:27 of 1st period - Slapshot by Ian Cole.
8:27 of 1st period - Stopped by Erik Ersberg without a rebound.
8:28 of 1st period - Jordan Nolan wins face-off versus Marcus Kruger in Little Stars zone.
8:35 of 1st period - Jordan Nolan is hit by Matt Halischuk and loses puck.
8:40 of 1st period - Wrist shot by Matt Halischuk.
8:40 of 1st period - Stopped by James Reimer with a rebound.
8:42 of 1st period - Snap shot by Clay Wilson.
8:42 of 1st period - Stopped by James Reimer without a rebound.
8:43 of 1st period - Jordan Nolan wins face-off versus Cody Bass in Saguenéens zone.
9:16 of 1st period - Wrist shot by Matt Halischuk.
9:16 of 1st period - Deflect By Marcus Kruger.
9:16 of 1st period - Stopped by James Reimer with a rebound.
9:18 of 1st period - Snap shot by Jesse Joensuu.
9:18 of 1st period - Goal by Jesse Joensuu - Little Stars : 1 - Saguenéens : 1.
9:19 of 1st period - Jordan Nolan wins face-off versus Éric Belanger in neutral zone.
9:34 of 1st period - Kris Russell is hit by Éric Belanger and loses puck.
9:45 of 1st period - Matt Halischuk is hit by Marcus Johansson and loses puck.
10:23 of 1st period - Minor Penalty to Matt Pelech for Hooking.
10:24 of 1st period - Éric Belanger wins face-off versus Jordan Nolan in Little Stars zone.
10:40 of 1st period - Slapshot by Éric Belanger.
10:40 of 1st period - Shot Misses the Net.
11:01 of 1st period - Snap shot by Joffrey Lupul.
11:01 of 1st period - Stopped by Erik Ersberg without a rebound.
11:02 of 1st period - Ryan Vesce wins face-off versus Marcus Johansson in Little Stars zone.
11:23 of 1st period - Zach Bogosian is hit by Mathieu Roy and loses puck.
11:30 of 1st period - Mathieu Roy is hit by Jordan Nolan and loses puck.
11:47 of 1st period - Raphael Diaz is hit by Joffrey Lupul and loses puck.
12:00 of 1st period - Wrist shot by Jimmy Hayes.
12:00 of 1st period - Goal by Jimmy Hayes - Little Stars : 2 - Saguenéens : 1.
12:01 of 1st period - Chris Dingman wins face-off versus Evgeny Dadonov in neutral zone.
12:23 of 1st period - Penalty to Matt Pelech is over, Matt Pelech is back on ice.
12:31 of 1st period - Slapshot by Matt Halischuk.
12:31 of 1st period - Stopped by James Reimer with a rebound.
12:37 of 1st period - Snap shot by Evgeny Dadonov.
12:37 of 1st period - Stopped by Erik Ersberg without a rebound.
12:38 of 1st period - Marcus Kruger wins face-off versus Brian Flynn in Little Stars zone.
12:38 of 1st period - Marcus Kruger is hit by Tyler McNeely.
12:53 of 1st period - Minor Penalty to Brandon Burlon for Roughing.
12:54 of 1st period - Éric Belanger wins face-off versus Jordan Nolan in Saguenéens zone.
13:00 of 1st period - Snap shot by Chris Dingman.
13:00 of 1st period - Stopped by James Reimer with a rebound.
13:02 of 1st period - Snap shot by Chris Dingman.
13:02 of 1st period - Shot Misses the Net.
13:18 of 1st period - Matt Halischuk is hit by David Laliberté and loses puck.
13:31 of 1st period - Wrist shot by Marcus Kruger.
13:31 of 1st period - Shot Misses the Net.
14:53 of 1st period - Penalty to Brandon Burlon is over, Brandon Burlon is back on ice.
15:10 of 1st period - Slapshot by Brian Flynn.
15:10 of 1st period - Stopped by Erik Ersberg without a rebound.
15:11 of 1st period - Cody Bass wins face-off versus Brian Flynn in Little Stars zone.
15:17 of 1st period - Off-side.
15:18 of 1st period - Jordan Nolan wins face-off versus Cody Bass in neutral zone.
15:21 of 1st period - Slapshot by Zach Bogosian.
15:21 of 1st period - Shot Misses the Net.
15:23 of 1st period - Slapshot by Kevin Marshall.
15:23 of 1st period - Shot Misses the Net.
15:25 of 1st period - Backhand shot by Jordan Nolan.
15:25 of 1st period - Shot Misses the Net.
15:27 of 1st period - Backhand shot by Jordan Nolan.
15:27 of 1st period - Stopped by Erik Ersberg with a rebound.
15:29 of 1st period - Wrist shot by Jordan Nolan.
15:29 of 1st period - Stopped by Erik Ersberg without a rebound.
15:30 of 1st period - Jordan Nolan wins face-off versus Éric Belanger in Little Stars zone.
15:37 of 1st period - Snap shot by Jordan Nolan.
15:37 of 1st period - Stopped by Erik Ersberg with a rebound.
15:39 of 1st period - Snap shot by Kevin Marshall.
15:39 of 1st period - Stopped by Erik Ersberg with a rebound.
15:41 of 1st period - Wrist shot by Jordan Nolan.
15:41 of 1st period - Stopped by Erik Ersberg without a rebound.
15:42 of 1st period - Jordan Nolan wins face-off versus Éric Belanger in Little Stars zone.
15:48 of 1st period - Minor Penalty to Chris Dingman for Hooking.
15:49 of 1st period - Jordan Nolan wins face-off versus Éric Belanger in Little Stars zone.
15:53 of 1st period - Wrist shot by Kyle Brodziak.
15:53 of 1st period - Shot Misses the Net.
15:55 of 1st period - Snap shot by Kyle Brodziak.
15:55 of 1st period - Stopped by Erik Ersberg without a rebound.
15:56 of 1st period - Jordan Nolan wins face-off versus Éric Belanger in Little Stars zone.
16:31 of 1st period - Snap shot by David Moss.
16:31 of 1st period - Shot Misses the Net.
17:48 of 1st period - Penalty to Chris Dingman is over, Chris Dingman is back on ice.
18:32 of 1st period - Raphael Diaz is hit by Brian Flynn and loses puck.
18:47 of 1st period - Slapshot by Derek Morris.
18:47 of 1st period - Stopped by Erik Ersberg with a rebound.
19:15 of 1st period - Slapshot by Brian Flynn.
19:15 of 1st period - Stopped by Erik Ersberg with a rebound.
19:17 of 1st period - Wrist shot by Rhett Rakhshani.
19:17 of 1st period - Stopped by Erik Ersberg with a rebound.
19:19 of 1st period - Slapshot by Rhett Rakhshani.
19:19 of 1st period - Stopped by Erik Ersberg without a rebound.
19:20 of 1st period - Éric Belanger wins face-off versus Jordan Nolan in Little Stars zone.
19:20 of 1st period - Éric Belanger is hit by Jordan Nolan.
19:32 of 1st period - Snap shot by Ryan Vesce.
19:32 of 1st period - Shot Misses the Net.
19:34 of 1st period - Slapshot by Éric Belanger.
19:34 of 1st period - Stopped by James Reimer with a rebound.
19:36 of 1st period - Slapshot by Clay Wilson.
19:36 of 1st period - Stopped by James Reimer without a rebound.
19:37 of 1st period - Éric Belanger wins face-off versus Marcus Johansson in Saguenéens zone.
Goals for this period are 2 for Little Stars vs 1 for Saguenéens.
Shots for this period are 13 for Little Stars vs 17 for Saguenéens.

2nd period


0:01 of 2nd period - Jordan Nolan wins face-off versus Éric Belanger in neutral zone.
0:06 of 2nd period - Slapshot by Joffrey Lupul.
0:06 of 2nd period - Stopped by Erik Ersberg with a rebound.
0:10 of 2nd period - Snap shot by Joffrey Lupul.
0:10 of 2nd period - Stopped by Erik Ersberg without a rebound.
0:11 of 2nd period - Éric Belanger wins face-off versus Jordan Nolan in Little Stars zone.
0:36 of 2nd period - David Moss is hit by Clay Wilson and loses puck.
0:45 of 2nd period - Snap shot by Evgeny Dadonov.
0:45 of 2nd period - Stopped by Erik Ersberg without a rebound.
0:46 of 2nd period - Éric Belanger wins face-off versus Jordan Nolan in Little Stars zone.
1:20 of 2nd period - Wrist shot by Evgeny Dadonov.
1:20 of 2nd period - Deflect By Cameron Schilling.
1:20 of 2nd period - Stopped by Erik Ersberg with a rebound.
1:33 of 2nd period - Off-side.
1:34 of 2nd period - Cody Bass wins face-off versus David Laliberté in neutral zone.
1:36 of 2nd period - Off-side.
1:37 of 2nd period - Jordan Nolan wins face-off versus Éric Belanger in neutral zone.
1:40 of 2nd period - Slapshot by Jordan Nolan.
1:40 of 2nd period - Shot Blocked by Ryan Vesce.
1:46 of 2nd period - Snap shot by Jordan Nolan.
1:46 of 2nd period - Stopped by Erik Ersberg without a rebound.
1:47 of 2nd period - Jordan Nolan wins face-off versus Éric Belanger in Little Stars zone.
2:11 of 2nd period - Zach Bogosian is hit by Chris Dingman.
2:40 of 2nd period - Slapshot by Chris Dingman.
2:40 of 2nd period - Goal by Chris Dingman - Little Stars : 3 - Saguenéens : 1.
2:41 of 2nd period - Marcus Kruger wins face-off versus Marcus Johansson in neutral zone.
2:49 of 2nd period - Snap shot by Marcus Johansson.
2:49 of 2nd period - Shot Misses the Net.
2:51 of 2nd period - Wrist shot by Evgeny Dadonov.
2:51 of 2nd period - Stopped by Erik Ersberg without a rebound.
2:52 of 2nd period - Marcus Kruger wins face-off versus Marcus Johansson in Little Stars zone.
3:04 of 2nd period - Wrist shot by Jesse Joensuu.
3:04 of 2nd period - Shot Blocked by Marcus Johansson.
3:06 of 2nd period - Slapshot by Matt Halischuk.
3:06 of 2nd period - Deflect By Marcus Kruger.
3:06 of 2nd period - Stopped by James Reimer with a rebound.
3:08 of 2nd period - Slapshot by Marcus Kruger.
3:08 of 2nd period - Stopped by James Reimer without a rebound.
3:09 of 2nd period - Ryan Vesce wins face-off versus Jordan Nolan in Saguenéens zone.
3:54 of 2nd period - Icing by Ian Cole.
3:55 of 2nd period - Marcus Kruger wins face-off versus Marcus Johansson in Saguenéens zone.
4:22 of 2nd period - Snap shot by Evgeny Dadonov.
4:22 of 2nd period - Shot Blocked by Jesse Joensuu.
4:24 of 2nd period - Snap shot by Evgeny Dadonov.
4:24 of 2nd period - Stopped by Erik Ersberg without a rebound.
4:25 of 2nd period - Marcus Kruger wins face-off versus Jordan Nolan in Little Stars zone.
4:25 of 2nd period - Marcus Kruger is hit by Bryan Bickell.
4:39 of 2nd period - Slapshot by Matt Halischuk.
4:39 of 2nd period - Shot Misses the Net.
4:41 of 2nd period - Slapshot by Marcus Kruger.
4:41 of 2nd period - Stopped by James Reimer with a rebound.
4:47 of 2nd period - Minor Penalty to Bryan Bickell for Hooking.
4:48 of 2nd period - Éric Belanger wins face-off versus Jordan Nolan in Saguenéens zone.
6:40 of 2nd period - Jesse Joensuu is hit by Zach Bogosian and loses puck.
6:47 of 2nd period - Penalty to Bryan Bickell is over, Bryan Bickell is back on ice.
6:57 of 2nd period - Off-side.
6:58 of 2nd period - Brian Flynn wins face-off versus Cody Bass in neutral zone.
7:09 of 2nd period - Brandon Burlon is hit by Cody Bass.
7:58 of 2nd period - Icing by Jordan Nolan.
7:59 of 2nd period - Éric Belanger wins face-off versus Kyle Brodziak in Saguenéens zone.
8:12 of 2nd period - Wrist shot by David Laliberté.
8:12 of 2nd period - Stopped by Erik Ersberg with a rebound.
8:26 of 2nd period - Snap shot by Matt Halischuk.
8:26 of 2nd period - Stopped by James Reimer with a rebound.
8:44 of 2nd period - Carl Hagelin is hit by Ian Cole and loses puck.
8:49 of 2nd period - Wrist shot by David Moss.
8:49 of 2nd period - Deflect By Marcus Johansson.
8:49 of 2nd period - Shot Blocked by Cameron Schilling.
8:49 of 2nd period - Puck is out of play.
8:50 of 2nd period - Cody Bass wins face-off versus Marcus Johansson in Little Stars zone.
9:26 of 2nd period - Wrist shot by Evgeny Dadonov.
9:26 of 2nd period - Stopped by Erik Ersberg with a rebound.
9:30 of 2nd period - Wrist shot by David Moss.
9:30 of 2nd period - Stopped by Erik Ersberg with a rebound.
10:05 of 2nd period - Snap shot by Jesse Joensuu.
10:05 of 2nd period - Stopped by James Reimer without a rebound.
10:06 of 2nd period - Éric Belanger wins face-off versus Jordan Nolan in Saguenéens zone.
10:50 of 2nd period - Minor Penalty to Cody Bass for Holding.
10:51 of 2nd period - Jordan Nolan wins face-off versus Éric Belanger in Little Stars zone.
12:41 of 2nd period - Minor Penalty to Jordan Nolan for Slashing.
12:42 of 2nd period - Brian Flynn wins face-off versus Éric Belanger in Saguenéens zone.
12:50 of 2nd period - Penalty to Cody Bass is over, Cody Bass is back on ice.
12:53 of 2nd period - Wrist shot by Joffrey Lupul.
12:53 of 2nd period - Shot Misses the Net.
12:55 of 2nd period - Slapshot by Zach Bogosian.
12:55 of 2nd period - Shot Misses the Net.
13:12 of 2nd period - Snap shot by Mathieu Roy.
13:12 of 2nd period - Stopped by James Reimer without a rebound.
13:13 of 2nd period - Joffrey Lupul wins face-off versus Éric Belanger in Saguenéens zone.
13:13 of 2nd period - Joffrey Lupul is hit by Éric Belanger.
13:26 of 2nd period - Off-side.
13:27 of 2nd period - Kyle Brodziak wins face-off versus Éric Belanger in neutral zone.
14:41 of 2nd period - Penalty to Jordan Nolan is over, Jordan Nolan is back on ice.
15:07 of 2nd period - Wrist shot by Rhett Rakhshani.
15:07 of 2nd period - Shot Misses the Net.
15:09 of 2nd period - Snap shot by Brian Flynn.
15:09 of 2nd period - Shot Misses the Net.
15:27 of 2nd period - Marcus Kruger is hit by Jordan Nolan and loses puck.
15:51 of 2nd period - Slapshot by Zach Bogosian.
15:51 of 2nd period - Deflect By David Moss.
15:51 of 2nd period - Shot Blocked by Matt Pelech.
15:51 of 2nd period - Puck is out of play.
15:52 of 2nd period - Marcus Johansson wins face-off versus Alexander Vasyunov in Little Stars zone.
15:57 of 2nd period - Wrist shot by Evgeny Dadonov.
15:57 of 2nd period - Stopped by Erik Ersberg with a rebound.
15:59 of 2nd period - Wrist shot by David Moss.
15:59 of 2nd period - Goal by David Moss - Little Stars : 3 - Saguenéens : 2.
16:00 of 2nd period - Jordan Nolan wins face-off versus Éric Belanger in neutral zone.
16:27 of 2nd period - Kyle Brodziak is hit by Clay Wilson and loses puck.
16:38 of 2nd period - Snap shot by Matt Halischuk.
16:38 of 2nd period - Stopped by James Reimer with a rebound.
16:52 of 2nd period - Snap shot by Jimmy Hayes.
16:52 of 2nd period - Stopped by James Reimer without a rebound.
16:53 of 2nd period - Jordan Nolan wins face-off versus Cody Bass in Saguenéens zone.
16:55 of 2nd period - Minor Penalty to Bryan Bickell for Hooking.
16:56 of 2nd period - Éric Belanger wins face-off versus Kyle Brodziak in Saguenéens zone.
17:04 of 2nd period - Wrist shot by Éric Belanger.
17:04 of 2nd period - Shot Misses the Net.
17:06 of 2nd period - Wrist shot by Ryan Vesce.
17:06 of 2nd period - Goal by Ryan Vesce - Little Stars : 4 - Saguenéens : 2.
17:07 of 2nd period - Éric Belanger wins face-off versus Bryan Bickell in neutral zone.
17:09 of 2nd period - Mathieu Roy is hit by Derek Morris and loses puck.
17:32 of 2nd period - Mathieu Roy is hit by Kyle Brodziak and loses puck.
17:51 of 2nd period - Slapshot by Clay Wilson.
17:51 of 2nd period - Shot Misses the Net.
18:01 of 2nd period - Carl Hagelin is hit by Zach Bogosian and loses puck.
18:41 of 2nd period - Slapshot by Ian Cole.
18:41 of 2nd period - Stopped by Erik Ersberg with a rebound.
18:43 of 2nd period - Snap shot by Jordan Nolan.
18:43 of 2nd period - Stopped by Erik Ersberg with a rebound.
18:45 of 2nd period - Snap shot by Kris Russell.
18:45 of 2nd period - Stopped by Erik Ersberg without a rebound.
18:46 of 2nd period - Éric Belanger wins face-off versus Marcus Johansson in Little Stars zone.
19:16 of 2nd period - Snap shot by Joffrey Lupul.
19:16 of 2nd period - Stopped by Erik Ersberg without a rebound.
19:17 of 2nd period - Éric Belanger wins face-off versus Jordan Nolan in Little Stars zone.
19:22 of 2nd period - Slapshot by Raphael Diaz.
19:22 of 2nd period - Stopped by James Reimer with a rebound.
19:45 of 2nd period - Slapshot by Cameron Schilling.
19:45 of 2nd period - Shot Blocked by Kevin Marshall.
19:47 of 2nd period - Snap shot by Jesse Joensuu.
19:47 of 2nd period - Shot Blocked by Zach Bogosian.
19:49 of 2nd period - Slapshot by Raphael Diaz.
19:49 of 2nd period - Stopped by James Reimer without a rebound.
19:50 of 2nd period - Jordan Nolan wins face-off versus Éric Belanger in Saguenéens zone.
19:50 of 2nd period - Jordan Nolan is hit by Clay Wilson.
Goals for this period are 2 for Little Stars vs 1 for Saguenéens.
Shots for this period are 12 for Little Stars vs 16 for Saguenéens.

3rd period


0:01 of 3rd period - Éric Belanger wins face-off versus Jordan Nolan in neutral zone.
0:26 of 3rd period - Derek Morris is hit by Jesse Joensuu.
0:56 of 3rd period - Wrist shot by Cody Bass.
0:56 of 3rd period - Shot Blocked by Brandon Burlon.
1:30 of 3rd period - Wrist shot by Joffrey Lupul.
1:30 of 3rd period - Shot Blocked by Marcus Kruger.
1:47 of 3rd period - Cameron Schilling is hit by Marcus Johansson and loses puck.
2:04 of 3rd period - Wrist shot by Brian Flynn.
2:04 of 3rd period - Goal by Brian Flynn - Little Stars : 4 - Saguenéens : 3.
2:05 of 3rd period - Éric Belanger wins face-off versus Jordan Nolan in neutral zone.
2:08 of 3rd period - Slapshot by Mathieu Roy.
2:08 of 3rd period - Shot Misses the Net.
2:28 of 3rd period - Kevin Marshall is hit by Clay Wilson and loses puck.
2:53 of 3rd period - Joffrey Lupul is hit by Matt Halischuk and loses puck.
3:14 of 3rd period - Snap shot by Chris Dingman.
3:14 of 3rd period - Deflect By Ryan Vesce.
3:14 of 3rd period - Stopped by James Reimer without a rebound.
3:15 of 3rd period - Marcus Johansson wins face-off versus Ryan Vesce in Saguenéens zone.
3:15 of 3rd period - Marcus Johansson is hit by Ryan Vesce.
3:20 of 3rd period - Clay Wilson is hit by Evgeny Dadonov and loses puck.
3:23 of 3rd period - Wrist shot by Éric Belanger.
3:23 of 3rd period - Stopped by James Reimer without a rebound.
3:24 of 3rd period - Marcus Johansson wins face-off versus Éric Belanger in Saguenéens zone.
4:16 of 3rd period - Icing by Tyler McNeely.
4:17 of 3rd period - Brian Flynn wins face-off versus Cody Bass in Saguenéens zone.
4:32 of 3rd period - Slapshot by Derek Morris.
4:32 of 3rd period - Shot Blocked by Carl Hagelin.
4:42 of 3rd period - Brandon Burlon is hit by Raphael Diaz and loses puck.
4:59 of 3rd period - Slapshot by Raphael Diaz.
4:59 of 3rd period - Stopped by James Reimer without a rebound.
5:00 of 3rd period - Éric Belanger wins face-off versus Jordan Nolan in Saguenéens zone.
5:05 of 3rd period - Wrist shot by Chris Dingman.
5:05 of 3rd period - Stopped by James Reimer with a rebound.
5:07 of 3rd period - Backhand shot by Clay Wilson.
5:07 of 3rd period - Stopped by James Reimer with a rebound.
5:13 of 3rd period - Snap shot by Éric Belanger.
5:13 of 3rd period - Stopped by James Reimer with a rebound.
5:15 of 3rd period - Wrist shot by Éric Belanger.
5:15 of 3rd period - Goal by Éric Belanger - Little Stars : 5 - Saguenéens : 3.
5:16 of 3rd period - Éric Belanger wins face-off versus Jordan Nolan in neutral zone.
5:20 of 3rd period - Icing by Kevin Marshall.
5:21 of 3rd period - Jordan Nolan wins face-off versus Éric Belanger in Saguenéens zone.
5:21 of 3rd period - Jordan Nolan is hit by Chris Dingman.
5:53 of 3rd period - Zach Bogosian is hit by Jesse Joensuu and loses puck.
6:00 of 3rd period - Zach Bogosian is hit by Matt Halischuk and loses puck.
6:23 of 3rd period - Backhand shot by Clay Wilson.
6:23 of 3rd period - Shot Blocked by Brandon Burlon.
7:08 of 3rd period - Slapshot by Raphael Diaz.
7:08 of 3rd period - Shot Blocked by Kris Russell.
7:10 of 3rd period - Snap shot by Carl Hagelin.
7:10 of 3rd period - Shot Blocked by Ian Cole.
7:38 of 3rd period - Brian Flynn is hit by Marcus Kruger and loses puck.
7:57 of 3rd period - Snap shot by Marcus Johansson.
7:57 of 3rd period - Stopped by Erik Ersberg with a rebound.
8:14 of 3rd period - Minor Penalty to Joffrey Lupul for Holding.
8:15 of 3rd period - Kyle Brodziak wins face-off versus Jesse Joensuu in Saguenéens zone.
8:25 of 3rd period - Off-side.
8:26 of 3rd period - Éric Belanger wins face-off versus Jordan Nolan in neutral zone.
8:29 of 3rd period - Slapshot by Mathieu Roy.
8:29 of 3rd period - Deflect By Chris Dingman.
8:29 of 3rd period - Shot Blocked by Jordan Nolan.
8:29 of 3rd period - Puck is out of play.
8:30 of 3rd period - Chris Dingman wins face-off versus Kyle Brodziak in Saguenéens zone.
8:41 of 3rd period - Snap shot by Chris Dingman.
8:41 of 3rd period - Deflect By Ryan Vesce.
8:41 of 3rd period - Stopped by James Reimer without a rebound.
8:42 of 3rd period - Éric Belanger wins face-off versus Kyle Brodziak in Saguenéens zone.
9:09 of 3rd period - Icing by Matt Halischuk.
9:10 of 3rd period - Marcus Kruger wins face-off versus Jordan Nolan in Little Stars zone.
10:14 of 3rd period - Penalty to Joffrey Lupul is over, Joffrey Lupul is back on ice.
10:29 of 3rd period - Snap shot by Joffrey Lupul.
10:29 of 3rd period - Stopped by Erik Ersberg with a rebound.
10:43 of 3rd period - Wrist shot by David Moss.
10:43 of 3rd period - Shot Misses the Net.
10:45 of 3rd period - Snap shot by David Moss.
10:45 of 3rd period - Shot Misses the Net.
10:47 of 3rd period - Slapshot by David Moss.
10:47 of 3rd period - Shot Misses the Net.
10:49 of 3rd period - Snap shot by David Moss.
10:49 of 3rd period - Stopped by Erik Ersberg without a rebound.
10:50 of 3rd period - Brian Flynn wins face-off versus Éric Belanger in Little Stars zone.
11:15 of 3rd period - Eric Tangradi is hit by Cody Bass and loses puck.
11:53 of 3rd period - Ryan Ellis is hit by Joffrey Lupul and loses puck.
12:10 of 3rd period - Slapshot by Derek Morris.
12:10 of 3rd period - Shot Blocked by Jimmy Hayes.
12:34 of 3rd period - Minor Penalty to Landon Ferraro for Hooking.
12:35 of 3rd period - Éric Belanger wins face-off versus Jordan Nolan in Little Stars zone.
12:41 of 3rd period - Chris Dingman is hit by Kyle Brodziak and loses puck.
13:13 of 3rd period - Icing by Zach Bogosian.
13:14 of 3rd period - Marcus Johansson wins face-off versus Éric Belanger in Saguenéens zone.
13:19 of 3rd period - Éric Belanger is hit by David Moss and loses puck.
13:30 of 3rd period - Slapshot by Zach Bogosian.
13:30 of 3rd period - Deflect By David Moss.
13:30 of 3rd period - Shot Misses the Net.
13:30 of 3rd period - Puck is out of play.
13:31 of 3rd period - Jordan Nolan wins face-off versus Ryan Vesce in Little Stars zone.
13:46 of 3rd period - Chris Dingman is hit by Kris Russell and loses puck.
14:34 of 3rd period - Penalty to Landon Ferraro is over, Landon Ferraro is back on ice.
14:48 of 3rd period - Off-side.
14:49 of 3rd period - Marcus Kruger wins face-off versus Rhett Rakhshani in neutral zone.
15:52 of 3rd period - Éric Belanger is hit by Evgeny Dadonov and loses puck.
15:57 of 3rd period - Snap shot by Evgeny Dadonov.
15:57 of 3rd period - Stopped by Erik Ersberg without a rebound.
15:58 of 3rd period - Jimmy Hayes wins face-off versus Kyle Brodziak in Little Stars zone.
16:14 of 3rd period - Minor Penalty to Jimmy Hayes for Hooking.
16:15 of 3rd period - Éric Belanger wins face-off versus Jordan Nolan in Little Stars zone.
16:44 of 3rd period - Slapshot by Derek Morris.
16:44 of 3rd period - Stopped by Erik Ersberg with a rebound.
16:46 of 3rd period - Wrist shot by Derek Morris.
16:46 of 3rd period - Shot Misses the Net.
16:48 of 3rd period - Wrist shot by Marcus Johansson.
16:48 of 3rd period - Stopped by Erik Ersberg without a rebound.
16:49 of 3rd period - Evgeny Dadonov wins face-off versus Ryan Vesce in Little Stars zone.
18:14 of 3rd period - Penalty to Jimmy Hayes is over, Jimmy Hayes is back on ice.
18:31 of 3rd period - Ryan Ellis is hit by Kevin Marshall and loses puck.
18:43 of 3rd period - Landon Ferraro is hit by Kevin Marshall and loses puck.
18:48 of 3rd period - Slapshot by Derek Morris.
18:48 of 3rd period - Stopped by Erik Ersberg with a rebound.
19:09 of 3rd period - Wrist shot by Jimmy Hayes.
19:09 of 3rd period - Stopped by James Reimer without a rebound.
19:10 of 3rd period - Marcus Kruger wins face-off versus Kyle Brodziak in Saguenéens zone.
19:19 of 3rd period - Slapshot by Jesse Joensuu.
19:19 of 3rd period - Shot Blocked by Ian Cole.
19:21 of 3rd period - Snap shot by Cameron Schilling.
19:21 of 3rd period - Shot Misses the Net.
19:23 of 3rd period - Slapshot by Raphael Diaz.
19:23 of 3rd period - Shot Blocked by Eric Tangradi.
19:25 of 3rd period - Slapshot by Cameron Schilling.
19:25 of 3rd period - Shot Misses the Net.
Goals for this period are 1 for Little Stars vs 1 for Saguenéens.
Shots for this period are 9 for Little Stars vs 8 for Saguenéens.


Output by the SimonT Hockey Simulator (STHS) for François Prévost -- Original Page W3C XHTML 1.0 Valid
Hockey Simulator - Hockey Simulation - Hockey Manager